Map: Invader LE

Players

EPINOR - Winner!

  • Race: Protoss Protoss
  • League: Silver

capac

  • Race: Terran Terran
  • League: Gold

VOD

Have the link to the VOD?

Description

Time

  • Played on: April 26, 2016, 2:18 p.m.
  • Length: 22:08
Show
View Real Time Build Order
Export as new Build Order

EPINOR Protoss - Winner!

Build Orders: Dark Templar Rush 

Get SALT Encoding   

  12  0:02  Probe (Chrono Boost)  
  13  0:12  Probe (Chrono Boost)  
  14  0:23  Probe (Chrono Boost)  
  14  0:28  Pylon  
  15  0:42  Assimilator  
  15  0:46  Gateway  
  15  0:49  Probe (Chrono Boost)  
  16  0:57  Assimilator  
  16  1:00  Probe (Chrono Boost)  
  17  1:18  Probe (Chrono Boost)  
  18  1:28  Probe (Chrono Boost)  
  19  1:35  Cybernetics Core  
  19  1:39  Probe (Chrono Boost)  
  20  1:47  Zealot (Chrono Boost)  
  20  1:49  Probe (Chrono Boost)  
  23  1:55  Pylon  
  23  2:10  Probe  
  23  2:15  Adept (Chrono Boost)  
  25  2:17  Warp Gate  
  25  2:25  Twilight Council  
  25  2:33  Gateway  
  25  2:52  Gateway  
  25  2:58  Gateway  
  25  3:06  Dark Shrine  
  25  3:54  Pylon  
  25  3:59  Pylon  
  25  4:21  Dark Templar  
  25  4:22  Dark Templar x3  
  33  4:59  Adept  
  35  5:00  Adept x3  
  35  5:06  Nexus  
  41  5:09  Forge  
  41  5:40  Adept x3  
  47  5:43  Resonating Glaives (Chrono Boost)  
  47  5:51  Pylon  
  47  5:52  Pylon  
  47  5:57  Pylon  
  47  6:23  Dark Templar x2  
  51  6:26  Adept x2  
  55  6:32  Probe  
  55  6:34  Probe  
  57  6:43  Probe  
  57  6:46  Probe  
  59  7:09  Adept x4  
  67  7:52  Probe  
  67  7:53  Probe  
  67  7:56  Stargate  
  67  7:58  Stargate  
  69  8:02  Probe  
  70  8:05  Probe  
  71  8:13  Probe  
  71  8:15  Assimilator  
  71  8:17  Probe, Assimilator  
  71  8:19  Pylon  
  73  8:20  Pylon  
  73  8:30  Probe  
  73  8:32  Pylon  
  74  8:37  Pylon  
  74  8:40  Void Ray  
  78  8:42  Void Ray  
  82  9:06  Photon Cannon  
  82  9:23  Void Ray  
  86  9:24  Void Ray  
  86  9:27  Probe  
  86  9:29  Probe  
  92  9:40  Stargate  
  92  9:48  Stargate  
  92  9:57  Mothership Core  
  94  10:06  Void Ray  
  98  10:12  Void Ray  
  102  10:26  Void Ray  
  106  10:32  Void Ray  
  110  11:09  Void Ray  
  114  11:16  Nexus  
  114  11:28  Protoss Air Weapons Level 1  
  114  11:31  Void Ray  
  118  11:42  Pylon  
  118  11:43  Pylon  
  118  11:50  Pylon  
  118  12:00  Void Ray  
  121  12:21  Adept x2  
  123  12:36  Probe  
  124  12:46  Void Ray x2  
  124  12:47  Probe  
  133  12:57  Probe  
  78  13:08  Probe  
  75  13:18  Probe  
  75  13:20  Void Ray x2  
  84  13:29  Void Ray  
  84  13:30  Void Ray  
  92  13:36  Probe  
  93  13:41  Assimilator  
  93  13:44  Assimilator  
  93  13:47  Probe  
  94  13:57  Probe  
  94  14:00  Probe  
  94  14:01  Probe  
  97  14:03  Void Ray  
  97  14:08  Probe  
  102  14:19  Void Ray  
  102  14:21  Nexus  
  106  14:40  Void Ray x2  
  114  15:13  Void Ray x2  
  122  15:22  Void Ray  
  122  15:23  Void Ray  
  120  15:47  Probe  
  120  15:48  Probe x2  
  120  15:49  Probe  
  124  15:53  Assimilator x2  
  124  15:55  Void Ray  
  124  15:56  Void Ray  
  132  15:57  Pylon, Mothership Core  
  132  15:58  Probe x2  
  132  16:00  Pylon  
  132  16:01  Probe  
  137  16:13  Fleet Beacon  
  137  16:39  Probe x3  
  137  16:40  Probe  
  141  16:49  Probe  
  141  16:50  Probe x2  
  141  16:52  Probe  
  145  17:00  Probe  
  151  17:01  Cybernetics Core  
  152  17:15  Void Ray  
  152  17:16  Void Ray x2  
  164  17:34  Nexus  
  164  17:37  Protoss Air Weapons Level 2 (Chrono Boost)  
  164  17:38  Protoss Air Armor Level 1, Assimilator x2  
  164  17:40  Pylon  
  164  17:43  Pylon  
  164  17:44  Pylon  
  164  18:01  Void Ray x2  
  164  18:02  Void Ray  
  176  18:23  Pylon  
  176  18:27  Pylon  
  180  18:38  Carrier  
  182  18:44  Tempest  
  186  19:04  Tempest  
  196  19:35  Protoss Air Armor Level 2 (Chrono Boost)  
  196  19:47  Void Ray  
  182  20:14  Void Ray x2  
  148  20:57  Pylon  
  148  20:58  Pylon  
  148  21:00  Pylon  
  148  21:09  Stargate  
  148  21:11  Stargate  
  148  21:16  Probe x3  
  148  21:18  Probe x2  
  153  21:26  Probe  
  153  21:27  Probe x2  
  153  21:30  Probe x2  
  170  21:37  Probe x2  
  170  21:38  Probe  
  173  21:42  Probe x2  
Show
View Real Time Build Order
Export as new Build Order

capac Terran 

Build Orders: MMM Bio 

Get SALT Encoding   

  12  0:01  SCV  
  13  0:13  SCV  
  14  0:18  Supply Depot  
  14  0:27  SCV  
  15  0:40  SCV  
  16  0:43  Barracks  
  16  0:45  Refinery  
  16  0:52  SCV  
  17  1:05  SCV  
  18  1:17  SCV  
  19  1:32  Reaper  
  20  1:33  Orbital Command  
  20  1:44  Supply Depot  
  20  1:59  SCV  
  21  2:04  Command Center  
  21  2:13  SCV  
  21  2:14  Marine  
  23  2:19  Factory  
  23  2:25  SCV  
  23  2:29  Refinery  
  24  2:36  Barracks Reactor  
  24  2:37  Barracks  
  24  2:39  SCV  
  25  2:51  SCV  
  26  3:03  SCV  
  27  3:10  Starport  
  27  3:11  Factory Tech Lab  
  27  3:15  Marine  
  27  3:16  Marine  
  27  3:19  Orbital Command  
  29  3:27  Barracks Tech Lab  
  29  3:29  SCV  
  29  3:30  Barracks  
  29  3:32  Siege Tank  
  33  3:41  SCV  
  33  3:45  SCV  
  35  3:51  Medivac  
  35  3:53  SCV  
  38  4:00  Supply Depot  
  38  4:02  Marine x2  
  40  4:03  Marine  
  41  4:10  Stimpack  
  41  4:21  Engineering Bay, Barracks Reactor  
  41  4:23  Marine x3  
  44  4:24  SCV  
  45  4:41  Marine x2  
  47  4:56  Missile Turret, SCV x2  
  49  5:00  Refinery, Marine  
  49  5:01  Marine x4  
  49  5:02  Refinery  
  54  5:09  Supply Depot  
  54  5:16  Siege Tank  
  54  5:17  Starport Reactor  
  54  5:21  Marine x4  
  57  5:22  Missile Turret  
  62  5:31  SCV x2  
  62  5:34  Supply Depot  
  64  5:39  Marine x2  
  64  5:40  Terran Infantry Weapons Level 1  
  65  5:43  SCV x2  
  65  5:49  Siege Tank  
  70  5:55  SCV x2  
  72  5:58  Supply Depot  
  72  6:01  Marine  
  72  6:02  Marine x4  
  72  6:04  Missile Turret  
  76  6:07  SCV x2  
  78  6:19  Medivac x2  
  78  6:20  Supply Depot, SCV  
  78  6:23  Supply Depot, Siege Tank  
  86  6:41  Marine x5  
  91  6:49  Medivac x2  
  95  6:54  Supply Depot  
  95  6:55  SCV x2  
  95  6:59  Marine  
  98  7:07  SCV x2, Missile Turret  
  100  7:16  Marine x4  
  104  7:36  Missile Turret  
  104  7:45  Marine  
  104  7:46  Marine x4  
  104  7:47  SCV  
  104  7:50  Supply Depot  
  110  7:55  Liberator x2  
  110  8:01  Command Center  
  110  8:03  Marine  
  111  8:08  Marine x3  
  111  8:09  Marine  
  111  8:11  Siege Tank  
  124  8:15  Supply Depot  
  124  8:19  SCV  
  125  8:20  SCV  
  126  8:31  Barracks  
  126  8:38  Liberator x2  
  126  8:45  Barracks  
  126  8:50  Supply Depot  
  132  8:56  Engineering Bay  
  132  9:02  Armory  
  132  9:04  Marine x2  
  134  9:12  Marine x3, Siege Tank  
  134  9:16  Supply Depot x2  
  140  9:21  Combat Shields  
  140  9:25  Barracks Reactor  
  140  9:31  Terran Infantry Armor Level 1  
  140  9:38  Barracks Tech Lab, Orbital Command  
  140  10:08  Missile Turret  
  140  10:12  Marine x3  
  140  10:13  Marine x4  
  147  10:15  Siege Tank  
  147  10:17  Missile Turret  
  147  10:19  Supply Depot, Orbital Command  
  150  10:21  Starport  
  150  10:24  Marauder  
  150  10:25  Concussive Shells  
  150  10:27  Terran Infantry Weapons Level 2  
  152  10:29  Terran Ship Weapons Level 1  
  152  10:32  Marauder  
  152  10:34  Supply Depot  
  154  10:46  SCV  
  154  10:49  SCV x2  
  157  11:10  Marauder x2  
  161  11:24  Sensor Tower  
  161  11:33  Supply Depot x2  
  161  11:37  Starport Reactor  
  161  11:44  Command Center  
  159  12:52  Viking x2  
  73  13:20  Viking x2  
  73  13:25  Viking x2  
  78  13:27  Marine  
  78  13:28  Marine  
  78  13:31  Marine  
  78  13:32  Marine x5  
  86  13:41  Missile Turret  
  86  13:43  Missile Turret  
  86  13:44  Terran Infantry Armor Level 2, Terran Infantry Weapons Level 3  
  86  13:45  Marine  
  86  13:46  Marine  
  88  13:49  Marine x3  
  88  13:50  Starport, Marine x3  
  88  13:55  Starport  
  94  14:02  Marine, Medivac x2  
  98  14:04  Marine  
  98  14:07  Marine x6, Medivac x2  
  110  14:20  Refinery x2, Marine  
  110  14:22  Marine  
  112  14:25  Marine x6  
  112  14:26  Liberator  
  112  14:27  Liberator x3  
  118  14:38  Marine  
  118  14:39  Marine  
  118  14:42  Marine  
  118  14:43  Marine x5  
  138  14:55  Starport Tech Lab x2  
  138  14:56  Marine  
  138  14:57  Marine  
  140  15:00  Marine  
  140  15:01  Marine  
  142  15:24  Liberator  
  142  15:25  Liberator x4  
  149  16:03  Starport  
  149  16:05  Terran Infantry Armor Level 3  
  149  16:15  Command Center  
  149  16:19  Marine x5  
  149  16:20  Marine  
  155  16:53  Liberator  
  155  16:54  Liberator x3  
  155  16:55  Liberator  
  170  17:30  Terran Ship Weapons Level 2  
  170  17:34  Hi-Sec Auto Tracking  
  170  17:36  Orbital Command  
  170  17:53  Refinery  
  170  17:54  Refinery  
  170  18:13  Liberator x5  
  170  18:32  Command Center  
  185  18:54  Starport  
  185  19:13  Building Armor  
  185  19:27  Armory  
  185  19:34  Starport Reactor  
  185  19:35  Starport  
  185  19:55  Liberator x2  
  185  19:56  Liberator x2  
  185  19:57  Refinery x2  
  128  20:28  Marine x4  
  130  20:29  Marine x4  
  130  20:33  Liberator  
  136  20:38  Liberator x2  
  103  20:45  Marine  
  103  20:46  Marine x4  
  103  20:47  Marine x3  
  87  20:54  Liberator x2  
  96  21:03  Marine x2  
  96  21:04  Marine x4  
  99  21:05  Marine x2  
  110  21:21  Marine x3  
  110  21:22  Marine x4  
  110  21:23  Marine  
  118  21:27  Starport Reactor  
  118  21:39  Marine x4  
  124  21:40  Marine x4  
Tags
 
Add a new tag
Caveats
  • Supply blocks, unpowered buildings, or Contaminate may cause inaccurate times.
  • Supply counts are checked every 10 seconds.